 Dungeon Crawl Stone Soup version 0.31-a0-38-g1548c4f2a5 (webtiles) character file.

Game seed: 13512770345019057473

22 porpoise the Sneak (level 2, 0/23 HPs)
             Began as a Gnoll Wanderer on May 17, 2023.
             Frozen to death by an endoplasm (4 damage)
             ... on level 2 of the Dungeon.
             The game lasted 00:02:48 (775 turns).

porpoise the Sneak (Gnoll Wanderer)                  Turns: 775, Time: 00:02:49

Health: 0/23       AC:  3    Str: 12    XL:     2   Next: 91%
Magic:  5/5        EV: 11    Int:  9    God:
Gold:   50         SH:  0    Dex: 12    Spells: 6/6 levels left

rFire   . . .        a - +2 whip (venom)
rCold   . . .        (no shield)
rNeg    . . .        g - +0 leather armour
rPois   .            (no helmet)
rElec   .            (no cloak)
rCorr   .            (no gloves)
SInv    .            (no boots)
Will    .....        (no amulet)
Stlth   +++          (no ring)
HPRegen 0.23/turn    (no ring)
MPRegen 0.09/turn

%: no passive effects
@: no status effects
A: fangs 1, strong nose, distributed training
a: no special abilities


You were on level 2 of the Dungeon.
You visited 1 branch of the dungeon, and saw 2 of its levels.

You collected 50 gold pieces.

Inventory:

Hand Weapons
 a - a +2 whip of venom (weapon)
 b - a +0 rapier
 i - a +0 falchion
Missiles
 c - a datura-tipped dart
 d - 2 atropa-tipped darts (quivered)
 q - 3 boomerangs
Armour
 g - a +0 leather armour (worn)
 p - a scarf of harm
Wands
 e - a wand of flame (7)
Scrolls
 f - 4 scrolls of teleportation
 j - 2 scrolls of enchant weapon {unknown}
 k - a scroll of immolation {unknown}
 l - a scroll of brand weapon {unknown}
 m - a scroll of identify {unknown}
Potions
 h - 2 potions of lignification {unknown}
 n - 2 potions of heal wounds {unknown}
 o - 2 potions of mutation {unknown}
 r - a potion of might {unknown}


   Skills:
 + Level 2.5 Fighting
 + Level 0.5 Short Blades
 + Level 2.5 Long Blades
 + Level 0.5 Axes
 + Level 0.5 Maces & Flails
 + Level 0.5 Polearms
 + Level 0.5 Staves
 + Level 0.5 Ranged Weapons
 + Level 2.5 Throwing
 + Level 2.5 Armour
 + Level 0.5 Dodging
 + Level 7.7 Stealth
 + Level 0.5 Shields
 + Level 0.5 Unarmed Combat
 + Level 2.7 Spellcasting
 + Level 0.4 Conjurations
 + Level 0.4 Hexes
 + Level 0.4 Summonings
 + Level 0.4 Necromancy
 + Level 0.4 Translocations
 + Level 0.4 Transmutations
 + Level 0.4 Fire Magic
 + Level 0.4 Ice Magic
 + Level 0.4 Air Magic
 + Level 0.4 Earth Magic
 + Level 0.4 Poison Magic
 + Level 0.7 Invocations
 + Level 2.5 Evocations


You had 6 spell levels left.
You didn't know any spells.
Your spell library was empty.

Dungeon Overview and Level Annotations

Branches:
Dungeon (2/15)

Altars:

Annotations:
D:2 Robin


Innate Abilities, Weirdness & Mutations

You have very sharp teeth.
Your uncanny sense of smell can sniff out nearby items.
Your experience applies equally to all skills.


Message History

Robin of the Strong Arm comes into view.
They are wielding a +0 dagger.
You hear a shout! x2
Robin shouts!
Robin roars a battlecry!
The goblins go into a battle-frenzy!
The goblin barely misses you. The goblin hits you with a +0 club.
You hit the goblin.
The goblin is poisoned.
You bite the goblin.
You kill the goblin!
Robin roars a battlecry!
The goblin hits you with a +0 club.
You hear a shout!
You miss the goblin.
An endoplasm comes into view.
The goblin hits you with a +0 club. The goblin completely misses you.
You hit the goblin.
You kill the goblin!
Robin throws the goblin at you! The goblin barely misses you.
The goblin hits you but does no damage. The goblin barely misses you.
The goblin closely misses you.
You hit the endoplasm but do no damage. Your bite misses the endoplasm.
The endoplasm hits you. The goblin closely misses you.
You barely miss Robin. The goblin misses you.
A goblin comes into view. It is wielding a +0 dagger.
The endoplasm barely misses you. The goblin closely misses you.
Robin hits you with a +0 dagger.
You are too injured to fight recklessly!
You completely miss Robin. Robin hits you but does no damage.
The goblin barely misses you. The endoplasm freezes you.
You are frozen.
The goblin hits you with a +0 club.
You closely miss Robin. Robin throws the goblin at you!
The goblin closely misses you.
The endoplasm jiggles.
The endoplasm hits you.
* * * LOW HITPOINT WARNING * * *
The goblin barely misses you.
You barely miss Robin. The goblin hits you but does no damage.
The endoplasm freezes you.
You are frozen.
You die...

∆ ∆... ∆ ∆ ... #. ∆ ...
.. #.# ##.# ∆ #.# #..
####.# #.# #####
.##.###g...###.# #....
......J@g..##..#####....
.##g..g.##.....#........
.....#######.....###....
.... .......#.#####....
... ..................
.. ##########..##.... .
##....... ###....(
##....


You could see Robin, an endoplasm and 3 goblins.

Vanquished Creatures
  A worm (D:2)
  A dart slug (D:1)
  A bat (D:1)
  4 hobgoblins
  A quokka (D:2)
  3 ball pythons (D:1)
  A frilled lizard (D:1)
  4 goblins
  A kobold (D:1)
  A rat (D:1)
18 creatures vanquished.

Notes
Turn   | Place    | Note
-------+----------+-------------------------------------------
     0 | D:1      | porpoise the Gnoll Wanderer began the quest for the Orb.
     0 | D:1      | porpoise set off with the following items: a +0 dagger, 2
                  | atropa-tipped darts, a datura-tipped dart, a +0 falchion, a
                  | wand of flame (7), a scroll of teleportation, a +0 leather
                  | armour.
     0 | D:1      | Reached XP level 1. HP: 17/17 MP: 4/4
   413 | D:1      | Reached XP level 2. HP: 23/23 MP: 5/5
   766 | D:2      | Noticed Robin
   775 | D:2      | Frozen to death by an endoplasm

Illustrated notes

Levels and vault maps discovered:
D:1:      minmay_arrival_loop, layout_basic, ebering_dispersal_statue_hall
D:2:      layout_rooms, uniq_robin

Action                     || total
---------------------------++-------
  Melee: Whip              ||    37
         Falchion          ||     9
         Dagger            ||     5
         Bite              ||     7
   Stab: Sleeping          ||     3
 Armour: Leather armour    ||    25
  Dodge: Dodged            ||    35

Table legend: (Time is in decaauts)
 A = Elapsed time spent in this place.
 B = Non-inter-level travel time spent in this place.
 C = Inter-level travel time spent in this place.
 D = Time resting spent in this place.
 E = Time spent auto-exploring this place.
 F = Levels seen in this place.
 G = Mean time per level.
                   A        B        C        D        E       F      G
               +--------+--------+--------+--------+--------+-----+--------+
         Total |    775 |    766 |      9 |     87 |    530 |   2 |  387.5 |
       Dungeon |    775 |    766 |      9 |     87 |    530 |   2 |  387.5 |
               +--------+--------+--------+--------+--------+-----+--------+

Top non-repeatable levels by time:
     D:1: 696 daAuts
     D:2: 79 daAuts
